 Dungeon Crawl Stone Soup version 0.17.2-1-ge4368a0 (webtiles) character file.

732 Goblin1989 the Twirler (level 7, -3/50 HPs)
             Began as a Demonspawn Gladiator on Aug 5, 2016.
             Was a Follower of Makhleb.
             Slain by a killer bee (7 damage)
             ... on level 8 of the Dungeon.
             The game lasted 00:17:38 (1713 turns).

Goblin1989 the Twirler (Demonspawn Gladiator)       Turns: 1713, Time: 00:17:38

Health: -3/50      AC:  7    Str: 17    XL:     7   Next: 45%
Magic:  7/7        EV: 18    Int:  9    God:    Makhleb [*.....]
Gold:   187        SH:  0    Dex: 19    Spells: 0 memorised, 6 levels left

rFire  . . .     SeeInvis .     g - +2 lajatang (speed)
rCold  . . .     Clarity  +     b - +0 leather armour
rNeg   . . .     SustAt   .     (shield currently unavailable)
rPois  .         Gourm    .     c - +1 helmet
rElec  .         Spirit   .     (no cloak)
rCorr  .         Warding  .     s - +0 pair of gloves
rMut   .         Stasis   .     t - +0 pair of boots
MR     .....                    j - amulet of clarity
Stlth  ++........               (no ring)
                                (no ring)

@: agile, lethally poisoned (-3 -> -6), studying Staves, not resistant to
hostile enchantments, unstealthy
A: claws 2, powered by death 1
a: Renounce Religion


You were on level 8 of the Dungeon.
You worshipped Makhleb.
Makhleb was aware of your devotion.
You were hungry.

You visited 1 branch of the dungeon, and saw 8 of its levels.

You collected 187 gold pieces.

Inventory:

Hand Weapons
 g - a +2 lajatang of speed (weapon)
 o - a +0 blowgun
Missiles
 d - 4 throwing nets (quivered)
Armour
 b - a +0 leather armour (worn)
 c - a +1 helmet (worn)
 s - a +0 pair of gloves (worn)
 t - a +0 pair of boots (worn)
Jewellery
 j - an amulet of clarity (around neck)
 n - an uncursed ring of ice
Wands
 f - a wand of frost (22)
Scrolls
 h - 7 scrolls of remove curse
 i - 2 scrolls of enchant armour
 k - a scroll of identify {unknown}
 r - a scroll of fear {unknown}
 u - a scroll of recharging {unknown}
 v - a scroll of fog {unknown}
 x - a scroll of amnesia {unknown}
Potions
 a - a potion of resistance {unknown}
 l - a potion of curing {unknown}
 m - a potion of haste {unknown}
 p - a potion of heal wounds {unknown}
 q - a potion of berserk rage {unknown}
Books
 y - a manual of Staves
Comestibles
 e - 6 bread rations
 w - a meat ration
 A - a slice of pizza


   Skills:
 - Level 2.1 Fighting
   Level 2.6(5.1) Maces & Flails
 + Level 6.8(7.0) Staves
 - Level 2.0 Throwing
 - Level 2.7 Dodging
 - Level 2.4 Unarmed Combat


You had 6 spell levels left.
You didn't know any spells.

Dungeon Overview and Level Annotations

Branches:
Dungeon (8/15)
 Temple: D:4-7         Lair: D:8-11

Altars:
Makhleb
Nemelex Xobeh
Qazlal
Vehumet
Yredelemnul

Annotations:
D:3 Sigmund
D:6 Prince Ribbit


Innate Abilities, Weirdness & Mutations

You have very sharp fingernails.
You regenerate a little health from kills.


Message History

You feel agile all of a sudden. The killer bee closely misses you.
The killer bee stings you but does no damage.
A killer bee comes into view.
The killer bee stings you but does no damage.
The killer bee stings you!
* * * LOW HITPOINT WARNING * * *
You take 8 damage, and have 9/50 hp.
The killer bee barely misses you. The killer bee stings you.
* * * LOW HITPOINT WARNING * * *
You are poisoned.
The killer bee poisons you!
You take 5 damage, and have 4/50 hp.
A quokka comes into view.
You feel sick.
The killer bee stings you but does no damage.
Found a stone staircase leading down.
The killer bee buzzes angrily.
The killer bee barely misses you. The killer bee stings you!
You die...

# #. #. #y##### #.
#.#...##### #>###
###.......... ....
............. ..#
#........[. #y#
#.#........
#@######.#.>...###
#.yO...........# #
#..........#.#.###
#
.....#.########.#.#
# ...#..r# ..>.. #
.. ###.# ##...## #
# #.# #..## ...
#..# .# ...


You could see an ogre, 2 killer bees and a quokka.

Vanquished Creatures
  Edmund (D:6)
  A sky beast (D:5)
  A black bear (D:4)
  A centaur (D:6)
  Blork the orc (D:6)
  A giant frog (D:6)
  A wyvern skeleton (D:6)
  A crimson imp (D:6)
  A giant frog zombie (D:7)
  A worker ant (D:6)
  A hound skeleton (D:6)
  5 adders
  2 orcs
  4 giant cockroaches
  A goblin (D:2)
  3 hobgoblins
  3 jackals (D:4)
  2 kobolds
  3 quokkas
  2 giant gecko skeletons
  A giant gecko zombie (D:3)
  6 giant newts
  A jackal skeleton (D:4)
  A quokka skeleton (D:4)
  8 rats
  A spectral orc (D:6)
54 creatures vanquished.

Vanquished Creatures (others)
  A bat (D:2)
1 creature vanquished.

Grand Total: 55 creatures vanquished

Notes
Turn   | Place    | Note
--------------------------------------------------------------
     0 | D:1      | Goblin1989 the Demonspawn Gladiator began the quest for the Orb.
     0 | D:1      | Reached XP level 1. HP: 16/16 MP: 1/1
   259 | D:2      | Reached skill level 1 in Staves
   259 | D:2      | Gained mutation: You regenerate a little health from kills. [demonic ancestry]
   259 | D:2      | Reached XP level 2. HP: 19/22 MP: 2/2
   290 | D:2      | Found a burning altar of Makhleb.
   290 | D:2      | Found a stormy altar of Qazlal.
   307 | D:2      | Became a worshipper of Makhleb the Destroyer
   496 | D:3      | Reached XP level 3. HP: 6/27 MP: 3/3
   561 | D:3      | Noticed Sigmund
   739 | D:5      | Entered Level 5 of the Dungeon
   775 | D:4      | Reached * piety under Makhleb
   896 | D:4      | Found a radiant altar of Vehumet.
   913 | D:4      | Noticed a black bear
   928 | D:4      | Killed a black bear
   928 | D:4      | Reached skill level 4 in Staves
   928 | D:4      | Reached XP level 4. HP: 33/33 MP: 4/4
   928 | D:4      | Gained mutation: You have sharp fingernails. [demonic ancestry]
   928 | D:4      | Reached XP level 5. HP: 38/38 MP: 5/5
   960 | D:5      | Noticed a sky beast
   970 | D:5      | Killed a sky beast
  1174 | D:6      | Gained mutation: You have very sharp fingernails. [demonic ancestry]
  1174 | D:6      | Reached XP level 6. HP: 42/44 MP: 6/6
  1179 | D:6      | Noticed a centaur
  1192 | D:6      | Killed a centaur
  1192 | D:6      | Reached skill level 5 in Staves
  1296 | D:6      | Noticed Blork the orc
  1322 | D:6      | Killed Blork the orc
  1376 | D:6      | Found a basalt altar of Yredelemnul.
  1397 | D:6      | Noticed Prince Ribbit
  1420 | D:6      | Reached XP level 7. HP: 43/50 MP: 7/7
  1424 | D:6      | Noticed Edmund
  1447 | D:6      | Killed Edmund
  1447 | D:6      | Reached skill level 6 in Staves
  1665 | D:7      | Found a sparkling altar of Nemelex Xobeh.
  1713 | D:8      | Slain by a killer bee

Action                   |  1- 3 |  4- 6 |  7- 9 || total
-------------------------+-------+-------+-------++-------
Melee: Lajatang          |   109 |    57 |    43 ||   209
       Flail             |    10 |       |       ||    10
  Use: Scroll            |     5 |     1 |       ||     6
       Potion            |     2 |       |     2 ||     4
 Stab: Sleeping          |     1 |       |       ||     1
  Eat: Chunk             |       |     2 |       ||     2
